 Dungeon Crawl Stone Soup version 0.30.1-11-g7821555f0a (webtiles) character file.

Game seed: 9833968377003208766

75581 groovy9 the Severer (level 15, -4/141 HPs)
             Began as a Minotaur Berserker on Jan 13, 2024.
             Was a High Priest of Trog.
             Slain by an orc warrior
             ... wielding a +0 war axe
              (17 damage)
             ... on level 2 of the Orcish Mines.
             The game lasted 00:56:56 (15872 turns).

groovy9 the Severer (Minotaur Berserker)           Turns: 15872, Time: 00:56:56

Health: -4/141     AC: 30    Str: 30    XL:     15   Next: 10%
Magic:  14/14      EV: 17    Int:  3    God:    Trog [*****.]
Gold:   1003       SH: 16    Dex: 18    Spells: 14/14 levels left

rFire   + + +        w - +2 war axe (heavy)
rCold   + + .        x - +3 warlock's mirror {omnireflect}
rNeg    . . .        h - +8 chain mail of Sunlight {Dex+4}
rPois   +            (helmet restricted)
rElec   .            O - scarf {rC+ rF+}
rCorr   .            p - +0 pair of gloves
SInv    .            M - +2 pair of boots of Puckish Birdsong {Str+2 Int+5}
Will    +++..        g - amulet of reflection Stlth
                     k - +4 ring of slaying
HPRegen 1.43/turn    B - ring "Reonot" {rPois rF+++ rC+ AC+4 Int-5}
MPRegen 0.14/turn

%: reflection
@: mighty, silenced, strong-willed, on berserk cooldown, regenerating, hasted
and slowed
A: horns 2, retaliatory headbutt, agile 1
a: Renounce Religion


You were on level 2 of the Orcish Mines.
You worshipped Trog.
Trog was extremely pleased with you.
You visited 3 branches of the dungeon, and saw 20 of its levels.

You collected 1897 gold pieces.
You spent 894 gold pieces at shops.

Inventory:

Hand Weapons
 r - a +4 flail
 s - a +4 war axe of electrocution
 w - a +2 heavy war axe (weapon)
Armour
 h - the +8 chain mail of Sunlight (worn) {Dex+4}
   (You found it on level 2 of the Dungeon)

   Dex:       It affects your dexterity (+4).
 p - a +0 pair of gloves (worn)
 x - the +3 warlock's mirror (worn) {omnireflect}
   (You found it on level 10 of the Dungeon)

   Omnireflect: It can block and reflect piercing ranged attacks and magical
   attacks against the wielder's willpower.
 M - the +2 pair of boots of Puckish Birdsong (worn) {Str+2 Int+5}
   (You bought it in a shop on level 2 of the Orcish Mines)

   Str:       It affects your strength (+2).
   Int:       It affects your intelligence (+5).
 O - a scarf of resistance (worn)
Jewellery
 e - a +5 ring of evasion
 g - an amulet of reflection (around neck)
 k - a +4 ring of slaying (left hand)
 B - the ring "Reonot" (right hand) {rPois rF+++ rC+ AC+4 Int-5}
   (You found it on level 13 of the Dungeon)

   [ring of protection]

   AC:        It affects your AC (+4).
   Int:       It affects your intelligence (-5).
   rF:        It renders you almost immune to fire.
   rC:        It protects you from cold.
   rPois:     It protects you from poison.
 C - a +6 ring of intelligence
Wands
 a - a wand of roots (20)
 j - a wand of flame (15)
 v - a wand of charming (10)
 A - a wand of digging (3)
 F - a wand of acid (5)
Scrolls
 b - 10 scrolls of teleportation
 l - 2 scrolls of silence
 n - 5 scrolls of immolation
 o - 2 scrolls of fog
 y - 5 scrolls of identify
 z - 2 scrolls of fear
 E - 2 scrolls of summoning
 I - 2 scrolls of blinking
 K - a scroll of magic mapping
 L - a scroll of enchant armour
 N - a scroll of enchant weapon
Potions
 d - 6 potions of haste
 f - 2 potions of attraction
 i - 8 potions of curing
 m - 2 potions of ambrosia
 t - 3 potions of invisibility
 u - 6 potions of berserk rage
 G - a potion of flight
 J - 2 potions of resistance


   Skills:
 + Level 15.6 Fighting
 - Level 16.3 Axes
 + Level 14.4 Armour
 + Level 13.3 Dodging
 + Level 13.0 Shields


You had 14 spell levels left.
You didn't know any spells.
Your spell library was empty.

Dungeon Overview and Level Annotations

Branches:
Dungeon (13/15)            Temple (0/1) D:4            Lair (5/5) D:10
  Swamp (0/4) Lair:3        Snake (0/4) Lair:3        Slime (0/5) Lair:5
    Orc (2/2) D:10            Elf (0/3) Orc:2
 Vaults: D:13-14

Altars:
Cheibriados
Fedhas
Gozag
Hepliaklqana
Kikubaaqudgha
Makhleb
Nemelex Xobeh
Qazlal
Ru
Uskayaw
Vehumet
Yredelemnul
Zin
Jiyva

Shops:
D:4 =   D:5 !   D:6 ?:*:((   D:8 ?   D:11 [   Orc:2 [


Innate Abilities, Weirdness & Mutations

You have a pair of horns on your head.
You reflexively headbutt those who attack you in melee.
You are agile. (Dex +4, Str/Int -1)


Message History

You kill the orc high priest!
Trog accepts your kill.
The smoke demon disappears in a puff of smoke!
The red devil disappears in a puff of smoke!
Your Shields skill increases to level 13!
You feel much better.
The orc warrior no longer looks unusually strong.
You block the orc warrior's attack.
The orc knight roars a battlecry!
The orc warrior goes into a battle-frenzy!
You block the orc warrior's attack.
The orc warrior shoots a bolt.
You block the bolt with your +3 warlock's mirror {omnireflect}... and reflect it back!
The bolt hits the orc warrior!
You open the orc knight like a pillowcase!!!
You headbutt the orc knight.
You kill the orc knight!
Trog accepts your kill.
You hit the orc warrior.
The orc warrior no longer looks unusually strong.
The orc priest no longer looks unusually strong.
The orc warrior hits you from afar with a +0 glaive!
* * * LOW HITPOINT WARNING * * *
You block the orc warrior's attack.
The orc knight roars a battlecry!
The orcs go into a battle-frenzy!
The orc warrior hits you but does no damage.
The orc warrior hits you with a +0 war axe.
* * * LOW HITPOINT WARNING * * *
You closely miss the orc warrior. Your headbutt misses the orc warrior.
The orc warrior is severely wounded.
You completely miss the orc warrior.
The orc warrior shoots a bolt.
The bolt hits you.
* * * LOW HITPOINT WARNING * * *
You block the orc warrior's attack. The orc warrior misses you.
You block the orc warrior's attack. x2
You feel yourself speed up.
The orc warrior no longer looks unusually strong.
You block the orc's attack. The orc warrior completely misses you.
The orc warrior hits you with a +0 war axe!
You die...

.........# #######....
)........###..#.......
.)......##..........#
.).)..##.......$....#
#)#.)..............#
#)##o)##......o....#
.))3o)#......oooo.##
..)).)......ooooo)##
......)......o##@o.#
#......)...o.####.##
##.........o## ##
...#.........##
...#..........#
...#######...## ...#
o....# ..## ooo#..#
###


o.ooo.# You could see an orc knight, 7 orc warriors, 2 orc priests and an orc
(strong).

Vanquished Creatures
  2 slime creatures (D:12)
  A minotaur (Lair:2)
  Erolcha (Orc:2)
  The ghost of turdburglar the Nimble, a journeyman MfTm of Ashenzari (D:9)
  3 hydras
  A catoblepas (Lair:5)
  3 two-headed ogres
  2 centaur warriors
  A deep troll shaman (Lair:5)
  10 death yaks (Lair:5)
  4 orc high priests (Orc:2)
  The ghost of Zoprot the Covert, a journeyman SpBr of Dithmenos (Lair:2)
  Amaemon (Lair:2)
  A skyshark (Lair:5)
  3 skeletal warriors (D:13)
  A swamp dragon (shapeshifter) (D:11)
  10 wizards (D:10)
  A lindwurm (Lair:5)
  A deep elf pyromancer (D:13)
  An oklob plant (Lair:5)
  2 orc sorcerers (Orc:2)
  7 orc knights
  2 manticores
  3 ugly things
  A cyclops (Orc:1)
  15 elephants
  8 black mambas
  An orange demon (Lair:2)
  2 gargoyles (D:12)
  Maggie (D:6)
  4 rime drakes
  11 cane toads
  2 unseen horrors
  Psyche (D:11)
  A kobold demonologist (D:12)
  6 komodo dragons
  4 trolls
  2 polar bears
  2 hornets
  9 blink frogs (Lair:2)
  5 dream sheep (Lair:3)
  A shadow (D:10)
  Sigmund (D:2)
  3 wraiths (D:12)
  5 wyverns
  6 basilisks
  2 steam dragons (D:8)
  56 yaks
  4 vampire mosquitoes (D:11)
  19 water moccasins
  5 black bears
  A sky beast (D:8)
  29 orc warriors
  An ice beast (D:8)
  6 ogres
  17 wolves
  6 centaurs
  2 phantoms
  2 kobold brigands
  A gnoll sergeant (D:12)
  8 bullfrogs
  7 scorpions
  20 wights
  2 electric eels (Lair:4)
  2 howler monkeys (D:12)
  2 gnoll boudas
  23 orc priests
  6 hounds
  A human skeleton (D:6)
  Natasha (twice) (D:2)
  5 iguanas
  20 orc wizards
  15 gnolls
  7 adders
  A shadow imp (D:7)
  2 worms (D:2)
  3 dart slugs
  63 orcs
  16 ball pythons
  8 bats
  2 endoplasms
  7 giant cockroaches
  6 hobgoblins
  7 jackals
  2 quokkas
  6 frilled lizards
  9 goblins
  A goblin zombie (D:6)
  5 kobolds
  8 rats
571 creatures vanquished.

Vanquished Creatures (others)
  A wizard (D:10)
1 creature vanquished.

Grand Total: 572 creatures vanquished

Notes
Turn   | Place    | Note
-------+----------+-------------------------------------------
     0 | D:1      | groovy9 the Minotaur Berserker began the quest for the Orb.
     0 | D:1      | Reached XP level 1. HP: 19/19 MP: 0/0
   191 | D:1      | Reached XP level 2. HP: 27/27 MP: 1/1
   280 | D:1      | Reached skill level 4 in Axes
   878 | D:2      | Found a hide-covered altar of Uskayaw.
   896 | D:2      | Noticed Natasha
   900 | D:2      | Reached ** piety under Trog
   901 | D:2      | Reached XP level 3. HP: 33/33 MP: 2/2
   904 | D:2      | Killed Natasha
   978 | D:2      | Noticed Sigmund
   987 | D:2      | Killed Sigmund
   988 | D:2      | Reached skill level 5 in Axes
   988 | D:2      | Reached XP level 4. HP: 41/41 MP: 3/3
   988 | D:2      | Reached XP level 5. HP: 47/47 MP: 4/4
  1194 | D:2      | Identified the +8 chain mail of Sunlight {Dex+4}
  1500 | D:2      | Noticed Natasha
  1507 | D:2      | Killed Natasha
  1683 | D:3      | Reached XP level 6. HP: 55/55 MP: 5/5
  1687 | D:3      | Reached skill level 6 in Axes
  1881 | D:3      | Found a faded altar of an unknown god.
  2057 | D:3      | Found a stormy altar of Qazlal.
  2098 | D:3      | Gained mutation: You are clumsy. (Dex -2) [potion of
                  | mutation]
  2098 | D:3      | Gained mutation: Armour fits poorly on your strangely
                  | shaped body. [potion of mutation]
  2099 | D:3      | Lost mutation: Armour fits poorly on your strangely shaped
                  | body. [potion of mutation]
  2099 | D:3      | Lost mutation: You are clumsy. (Dex -2) [potion of
                  | mutation]
  2099 | D:3      | Gained mutation: You are agile. (Dex +4, Str/Int -1)
                  | [potion of mutation]
  2390 | D:4      | Found Gamim's Jewellery Shop.
  2396 | D:4      | Reached skill level 5 in Fighting
  2450 | D:4      | Reached *** piety under Trog
  2606 | D:4      | Reached XP level 7. HP: 61/61 MP: 6/6
  2640 | D:4      | Reached skill level 7 in Axes
  2874 | D:4      | Found a sparkling altar of Nemelex Xobeh.
  3096 | D:4      | Found a staircase to the Ecumenical Temple.
  3257 | D:5      | Entered Level 5 of the Dungeon
  3278 | D:5      | Found a burning altar of Makhleb.
  3329 | D:5      | Reached skill level 5 in Armour
  3810 | D:5      | Found a snail-covered altar of Cheibriados.
  3885 | D:5      | Found Odio's Distillery.
  3890 | D:5      | Bought a potion of might for 40 gold pieces
  4064 | D:6      | Found Fito Kacw's Weapon Shoppe.
  4064 | D:6      | Found Keops's Weapon Emporium.
  4070 | D:6      | Found Etukk's Assorted Antiques.
  4070 | D:6      | Found Fymo's Book Shoppe.
  4076 | D:6      | Found Qaumni's Magic Scroll Shoppe.
  4076 | D:6      | Found Rote's Book Emporium.
  4146 | D:6      | Reached XP level 8. HP: 70/70 MP: 7/7
  4159 | D:6      | Found a blossoming altar of Fedhas.
  4253 | D:6      | Reached skill level 8 in Axes
  4253 | D:6      | Reached skill level 5 in Dodging
  4355 | D:6      | Reached **** piety under Trog
  4432 | D:6      | Found a runed translucent door.
  4440 | D:6      | Found a basalt altar of Yredelemnul.
  4475 | D:6      | Identified the +1 ring mail of Dyspraxia {rF+ SInv}
  4605 | D:6      | Noticed Maggie
  4617 | D:6      | Killed Maggie
  4618 | D:6      | Reached skill level 9 in Axes
  4754 | D:7      | Reached XP level 9. HP: 79/79 MP: 8/8
  4846 | D:7      | Reached skill level 10 in Axes
  5212 | D:8      | Found Bodigap's Magic Scroll Shop.
  5215 | D:8      | Bought a scroll of identify for 24 gold pieces
  5260 | D:8      | Paralysed by a hornet for 1 turns
  5522 | D:8      | Reached skill level 11 in Axes
  6067 | D:8      | Reached XP level 10. HP: 90/90 MP: 9/9
  6486 | D:9      | Found a runed translucent door.
  6503 | D:9      | Reached skill level 12 in Axes
  6564 | D:9      | Found a hazy altar of Hepliaklqana.
  6565 | D:9      | Found an ancient bone altar of Kikubaaqudgha.
  6566 | D:9      | Found an opulent altar of Gozag.
  6568 | D:9      | Found a sacrificial altar of Ru.
  6951 | D:9      | Noticed turdburglar's ghost (journeyman MfTm)
  6973 | D:9      | Killed turdburglar's ghost
  7004 | D:10     | Entered Level 10 of the Dungeon
  7011 | D:10     | Reached skill level 13 in Axes
  7063 | D:10     | Found a glowing silver altar of Zin.
  7087 | D:10     | Found a staircase to the Orcish Mines.
  7155 | D:10     | Reached XP level 11. HP: 99/99 MP: 10/10
  7317 | D:10     | Found a staircase to the Lair.
  7334 | D:10     | Reached skill level 10 in Fighting
  7394 | D:10     | Found a radiant altar of Vehumet.
  7405 | D:10     | Noticed a wizard
  7413 | D:10     | Killed a wizard
  7421 | D:10     | Noticed a wizard
  7429 | D:10     | Killed a wizard
  7471 | D:10     | Noticed a wizard
  7479 | D:10     | Noticed a wizard
  7486 | D:10     | Killed a wizard
  7488 | D:10     | Killed a wizard
  7494 | D:10     | Noticed a wizard
  7499 | D:10     | Killed a wizard
  7500 | D:10     | Reached skill level 14 in Axes
  7500 | D:10     | Reached skill level 10 in Armour
  7500 | D:10     | Noticed a wizard
  7504 | D:10     | Killed a wizard
  7537 | D:10     | Noticed a wizard
  7542 | D:10     | Noticed a wizard
  7542 | D:10     | Found the +3 warlock's mirror {omnireflect}
  7552 | D:10     | Killed a wizard
  7562 | D:10     | Killed a wizard
  7638 | D:10     | Noticed a wizard
  7648 | D:10     | Noticed a wizard
  7651 | D:10     | Killed a wizard
  7652 | D:10     | Reached skill level 1 in Shields
  7673 | D:10     | Killed a wizard
  7970 | D:10     | Noticed a wizard
  7976 | D:10     | Killed a wizard
  8069 | Orc:1    | Entered Level 1 of the Orcish Mines
  8069 | Orc:1    | Noticed an orc knight
  8081 | Orc:1    | Killed an orc knight
  8082 | Orc:1    | Reached skill level 15 in Axes
  8109 | Orc:1    | Reached XP level 12. HP: 110/110 MP: 11/11
  8489 | D:11     | Noticed a two-headed ogre
  8495 | D:11     | Killed a two-headed ogre
  8496 | D:11     | Reached skill level 5 in Shields
  8547 | D:11     | Found Veobuptua's Antique Armour Shop.
  8815 | D:11     | Noticed Psyche
  8820 | D:11     | Killed Psyche
  9018 | D:12     | Noticed a centaur warrior
  9025 | D:12     | Killed a centaur warrior
  9057 | D:12     | Reached skill level 16 in Axes
  9600 | D:13     | Noticed a centaur warrior
  9608 | D:13     | Killed a centaur warrior
  9643 | D:13     | Noticed a two-headed ogre
  9647 | D:13     | Killed a two-headed ogre
  9797 | D:13     | Reached skill level 10 in Dodging
  9802 | D:13     | Reached XP level 13. HP: 119/119 MP: 12/12
  9989 | D:13     | Identified the ring "Reonot" {rPois rF+++ rC+ AC+4 Int-5}
 10237 | D:4      | Bought a +6 ring of intelligence for 468 gold pieces
 10688 | Lair:1   | Entered Level 1 of the Lair of Beasts
 11823 | Lair:2   | Noticed Amaemon
 11831 | Lair:2   | Killed Amaemon
 11840 | Lair:2   | Reached skill level 10 in Shields
 11896 | Lair:2   | Noticed a minotaur
 11901 | Lair:2   | Noticed Zoprot's ghost (journeyman SpBr)
 11919 | Lair:2   | Found a runed translucent gate.
 11919 | Lair:2   | Found a runed translucent gate.
 11919 | Lair:2   | Found a runed translucent gate.
 11983 | Lair:2   | Killed a minotaur
 11995 | Lair:2   | Killed Zoprot's ghost
 12352 | Lair:3   | Found a staircase to the Swamp.
 12539 | Lair:3   | Found a staircase to the Snake Pit.
 12870 | Lair:3   | Reached XP level 14. HP: 117/132 MP: 13/13
 13064 | Lair:4   | Reached ***** piety under Trog
 13468 | Lair:4   | Identified the +1 scimitar of Causality {heavy, Dex+3}
 13680 | Lair:4   | You fall into a shaft and drop 1 floor!
 13680 | Lair:5   | Entered Level 5 of the Lair of Beasts
 13876 | Lair:5   | Found a staircase to the Slime Pits.
 13907 | Lair:5   | Found a viscous altar of Jiyva.
 14477 | Lair:5   | Reached skill level 15 in Fighting
 14972 | Orc:2    | Entered Level 2 of the Orcish Mines
 14979 | Orc:2    | Identified a scroll of acquirement
 14981 | Orc:2    | Acquired a scarf of resistance
 15156 | Orc:2    | Noticed Erolcha
 15166 | Orc:2    | Killed Erolcha
 15213 | Orc:2    | Identified the +6 dagger "Aweckoa" {heavy, Dex+3} (Trog
                  | gifted it to you on level 2 of the Orcish Mines)
 15213 | Orc:2    | Received a gift from Trog
 15254 | Orc:2    | Found a staircase to the Elven Halls.
 15333 | Orc:2    | Found Fog Dont's Armour Boutique.
 15349 | Orc:2    | Bought the +2 pair of boots of Puckish Birdsong {Str+2
                  | Int+5} for 362 gold pieces
 15818 | Orc:2    | Reached XP level 15. HP: 129/141 MP: 14/14
 15865 | Orc:2    | HP: 4/141 [smoke demon/divine providence[an orc high
                  | priest] (13)]
 15872 | Orc:2    | Slain by an orc warrior

Illustrated notes

Levels and vault maps discovered:
D:1:      scummos_arrival_gate, layout_loops_corners
D:2:      layout_basic, basic_altar, uniq_natasha, uniq_sigmund
D:3:      layout_loops_cross, mainiacjoe_overflow_alcove_1,
          basic_ecumenical_altar, hangedman_decor_push
D:4:      minmay_recursive_quarters, layout_basic, nemelex_spade_bored_becter,
          minmay_temple_entry_drinking_statues, serial_shops,
          nicolae_shop_gaudy_bauble
D:5:      layout_basic, mainiacjoe_overflow_catwalk_spiral, serial_shops,
          kennysheep_little_box
D:6:      layout_loops_cross, dk_yredelemnul_ordeal, old_standard_altar,
          nicolae_shop_national_dungeon_mall, kennysheep_generic_room_12,
          uniq_maggie
D:7:      layout_cave_pools
D:8:      layout_loops_ring, serial_shops, shop
D:9:      layout_irregular_city, chequers_temple_overflow_statue_of_worship,
          ebering_ghost_reflecting_pool, minmay_misc_feat_roman,
          minmay_fractal_squares_gapless_5
D:10:     minmay_smoke_and_mirrors, layout_small_grid, zin_academy,
          vehumet_crystals, grunt_lair_entry_orc_guard_hut,
          minmay_orc_entry_temple_small, minmay_misc_feat_doors
D:11:     layout_basic, serial_shops, nicolae_shop_statue_plus, uniq_psyche
D:12:     layout_basic
D:13:     layout_roguey
Lair:1:   layout_cellular_growth
Lair:2:   layout_hall_layers, maelrawn_ghost_gauntlet_escape,
          infiniplex_staircase_pool_2, lemuel_fruit_fields,
          serial_bayou_shore_b, uniq_amaemon
Lair:3:   layout_misc_corridors, swamp_mist, minmay_snake_entry_six_corridors
Lair:4:   layout_cave_shapes, serial_bayou_lagoon_b, grunt_megastairs_4,
          serial_bayou_shore_b
Lair:5:   grunt_lair_end_beastmaster, layout_misc_corridors, slime_entry_1,
          st_stairs_13, serial_bayou_shore_b, lemuel_fruit_tree
Orc:1:    layout_diamond_mine, serial_shops, shop
Orc:2:    st_orc_pillars, layout_caves, serial_shops, nicolae_shop_tiny_glass,
          uniq_erolcha

Skill      XL: |  1  2  3  4  5  6  7  8  9 10 11 12 13 14 15 |
---------------+----------------------------------------------+-----
Axes           | 4 5 6 7 9 11 13 15 16 | 16.3
Fighting       | 4 5 6 7 8 9 11 12 14 15 | 15.6
Armour         | 3 4 5 6 8 9 10 12 14 | 14.4
Dodging        | 3 4 6 7 8 9 10 11 13 | 13.3
Shields        | 4 8 11 12 13 | 13.0

Action                     |  1- 3 |  4- 6 |  7- 9 | 10-12 | 13-15 || total
---------------------------+-------+-------+-------+-------+-------++-------
  Melee: Hand axe          |    50 |   105 |   127 |       |       ||   282
         Headbutt          |     8 |    13 |    34 |    74 |   147 ||   276
         Punch             |     1 |       |     3 |     1 |       ||     5
         War axe           |       |       |    90 |   299 |   616 ||  1005
         Flail             |       |       |       |       |    11 ||    11
 Invoke: Trog's Hand       |     2 |       |     6 |    16 |    10 ||    34
         Berserk           |     1 |       |     6 |    14 |     9 ||    30
    Use: Scroll            |     6 |     2 |     7 |     4 |     9 ||    28
         Potion            |     1 |     3 |     6 |     1 |     7 ||    18
   Stab: Petrified         |       |       |       |       |     2 ||     2
         Petrifying        |       |       |       |       |     1 ||     1
 Armour: Animal skin       |     8 |       |       |       |       ||     8
         Ring mail         |     1 |     5 |       |       |       ||     6
         Chain mail        |       |    16 |    62 |    86 |   167 ||   331
  Dodge: Dodged            |    39 |    68 |   123 |   139 |   202 ||   571
  Block: Other             |     4 |    28 |    26 |    23 |       ||    81
         Reflection        |       |     1 |       |    10 |    21 ||    32
         Buckler           |       |       |       |    76 |   409 ||   485
